 Dungeon Crawl Stone Soup version 0.31-a0-230-g09eb5fc4d3 (webtiles) character file.

Game seed: 17779736553853956015

123 qw the Shooter (level 5, -1/30 HPs)
             Began as a Gargoyle Hexslinger on July 6, 2023.
             Slain by a gnoll
             ... wielding a +0 club
             ... led by a gnoll bouda
              (4 damage)
             ... on level 4 of the Dungeon.
             The game lasted 00:01:07 (2207 turns).

qw the Shooter (Gargoyle Hexslinger)                Turns: 2207, Time: 00:01:07

Health: -1/30      AC: 10    Str: 12    XL:     5   Next: 7%
Magic:  6/6        EV: 10    Int: 13    God:
Gold:   214        SH:  5    Dex: 14    Spells: 5/6 levels left

rFire   . . .        Y - +2 sling
rCold   . . .        (no shield)
rNeg    + + .        g - +0 ring mail
rPois   inf          (no helmet)
rElec   +            b - scarf of the Learner {+Inv, rN+}
rCorr   .            (no gloves)
SInv    .            k - +0 pair of boots
Will    .....        i - amulet of reflection
Stlth   +            (no ring)
HPRegen 0.25/turn    (no ring)
MPRegen 0.10/turn

%: reflection
@: no status effects
A: sickness immunity, AC +4, negative energy resistance 1, electricity
resistance, torment resistance 1, petrification resistance
a: Evoke Invisibility


You were on level 4 of the Dungeon.
You visited 1 branch of the dungeon, and saw 4 of its levels.

You collected 214 gold pieces.


Innate Abilities, Weirdness & Mutations

You are immune to sickness and miasma.
Your stone body is resilient. (AC +4)
You are immune to poison.
You resist negative energy. (rN+)
You are resistant to electric shocks. (rElec)
You are resistant to unholy torment.
You are immune to petrification.


   Skills:
 - Level 2.0 Fighting
 + Level 4.6 Ranged Weapons
 - Level 1.0 Armour
 - Level 1.5 Dodging
 - Level 1.0 Spellcasting
 - Level 2.6 Hexes


You had 5 spell levels left.
You knew the following spells:

 Your Spells              Type           Power      Damage    Failure   Level
a - Slow                  Hex            28%        N/A       22%         1

Your spell library contained the following spells:

 Spells                   Type           Power      Damage    Failure   Level
 Inner Flame              Hex/Fire       4%         N/A       73%         3
 Portal Projectile        Hex/Tloc       8%         N/A       73%         3
 Cause Fear               Hex            3%         N/A       91%         4

Inventory:

Hand Weapons
 Y - a +2 sling (weapon)
Armour
 b - the scarf of the Learner (worn) {+Inv, rN+}
   (You acquired it on level 2 of the Dungeon)

   rN:        It protects you from negative energy.
 g - a +0 ring mail (worn)
 k - a +0 pair of boots (worn)
Jewellery
 i - an amulet of reflection (around neck)
Scrolls
 f - a scroll of identify
Potions
 a - a potion of brilliance {unknown}
 c - a potion of might {unknown}
 d - a potion of curing
 e - a potion of haste {unknown}
 h - a potion of lignification {unknown}
 j - a potion of berserk rage {unknown}

Dungeon Overview and Level Annotations

Branches:
Dungeon (4/15)
 Temple: D:4-7

Altars:

Annotations:
D:2 exclusion: spectral thing


Message History

The sling bullet completely misses the gnoll.
The gnoll hits you from afar with a +0 spear.
The gnoll barely misses you. x2; The gnoll hits you but does no damage.
You block the gnoll's attack.
You shoot a sling bullet.
The sling bullet hits the gnoll but does no damage.
The gnoll is moderately wounded.
The gnoll hits you from afar with a +0 spear.
The gnoll bouda hits you with a +0 club.
You block the gnoll's attack.
You shoot a sling bullet. The sling bullet hits the gnoll.
The gnoll is moderately wounded.
The gnoll closely misses you. The gnoll completely misses you.
The gnoll bouda hits you with a +0 club.
You shoot a sling bullet.
The sling bullet barely misses the gnoll.
The gnoll hits you from afar with a +0 spear!
You block the gnoll's attack.
The gnoll bouda calls upon its god to heal the gnoll.
The gnoll's wounds heal themselves!
The gnoll barely misses you. You block the gnoll bouda's attack.
You block the gnoll's attack.
You shoot a sling bullet.
The sling bullet barely misses the gnoll.
You block the gnoll's attack.
The gnoll bouda hits you with a +0 club.
The gnoll misses you.
You shoot a sling bullet. The sling bullet hits the gnoll.
The gnoll is heavily wounded.
The gnoll hits you from afar with a +0 spear.
The gnoll closely misses you.
The gnoll bouda barks out a call to the hunt!
The gnolls pick up the pace!
You shoot a sling bullet.
The sling bullet closely misses the gnoll.
The gnoll barely misses you. The gnoll hits you with a +0 club.
The gnoll bouda hits you but does no damage.
You shoot a sling bullet. The sling bullet hits the gnoll.
The gnoll is severely wounded.
You block the gnoll's attack. The gnoll hits you with a +0 club.
You die...

#.# #.# #.# #.#
#.# #.# #.###
######...#
#.@gg....#
......g##.##..#
.##.##g#...#.##
#. #g......#
..#...#.#
...#...##.#
.#...#.. ..
.#...#. #.#


You could see a gnoll bouda and 4 gnolls.

Vanquished Creatures
  A hound (D:4)
  An adder (D:3)
  A worm (D:2)
  2 orcs (D:3)
  4 ball pythons
  4 bats (D:1)
  11 endoplasms
  5 giant cockroaches
  2 goblins (D:2)
  9 hobgoblins
  9 jackals
  A quokka (D:3)
  3 frilled lizards
  7 kobolds
  7 rats
  A spectral goblin (D:2)
68 creatures vanquished.

Notes
Turn   | Place    | Note
-------+----------+-------------------------------------------
     0 | D:1      | qw the Gargoyle Hexslinger began the quest for the Orb.
     0 | D:1      | Reached XP level 1. HP: 12/12 MP: 2/2
     0 | D:1      | 0 ||| qw: Version: 0.3-a-46-gb1f654a
     0 | D:1      | 0 ||| qw: Game counter: 1750
     0 | D:1      | 0 ||| qw: Melee chars always use a shield: true
     0 | D:1      | 0 ||| qw: God list: Okawaru
     0 | D:1      | 0 ||| qw: Allow faded altars: false
     0 | D:1      | 0 ||| qw: Do Orc after clearing Dungeon:15 true
     0 | D:1      | 0 ||| qw: Do second Lair branch before Depths: true
     0 | D:1      | 0 ||| qw: Lair rune preference: random
     0 | D:1      | 0 ||| qw: Goals: Normal
     0 | D:1      | 0 ||| PLANNING D:1-11
    60 | D:1      | Reached XP level 2. HP: 16/16 MP: 3/3
   111 | D:1      | Reached skill level 3 in Ranged Weapons
   497 | D:1      | Reached XP level 3. HP: 21/21 MP: 4/4
   503 | D:1      | 503 ||| UPGRADING to +0 ring mail.
   513 | D:1      | 513 ||| DROPPING +0 robe.
   514 | D:1      | 514 ||| READING scroll labelled WOTSUZUAPN.
   515 | D:1      | 515 ||| READING scroll labelled GOASCH FITUC.
   516 | D:1      | 516 ||| READING scroll labelled WOEJAAT PYFE.
   517 | D:1      | 517 ||| DROPPING scroll of poison.
   727 | D:2      | Found a faded altar of an unknown god.
  1261 | D:2      | 1261 ||| READING scroll labelled KARIJUINUE.
  1261 | D:2      | Identified a scroll of acquirement
  1261 | D:2      | 1261 ||| ACQUIRING scarf of the Learner {+Inv, rN+}
  1261 | D:2      | Acquired the scarf of the Learner {+Inv, rN+}
  1263 | D:2      | 1263 ||| UPGRADING to scarf of the Learner {+Inv, rN+}.
  1268 | D:2      | 1268 ||| READING scroll labelled DADU HYADAUNN.
  1269 | D:2      | 1269 ||| READING scroll labelled KAVAOHI XIMURU.
  1335 | D:3      | Reached XP level 4. HP: 26/26 MP: 5/5
  1422 | D:3      | Reached skill level 4 in Ranged Weapons
  1812 | D:3      | Reached skill level 1 in Armour
  2052 | D:3      | 2052 ||| UPGRADING to +0 pair of boots.
  2057 | D:3      | 2057 ||| UPGRADING to amulet of reflection.
  2062 | D:3      | 2062 ||| READING scroll labelled MAIRYRPHIKKA.
  2135 | D:4      | Reached XP level 5. HP: 22/30 MP: 6/6
  2193 | D:4      | 2193 ||| Stepping ~*~*~tactically~*~*~ (outnumbered).
  2195 | D:4      | 2195 ||| Stepping ~*~*~tactically~*~*~ (outnumbered).
  2204 | D:4      | HP: 7/30 [gnoll bouda/+0 club (4)]
  2206 | D:4      | HP: 3/30 [gnoll/+0 club[a gnoll bouda] (3)]
  2207 | D:4      | Slain by a gnoll

Levels and vault maps discovered:
D:1:      wander_arrival_peaceful_grave, layout_basic
D:2:      layout_basic, dreamdust_ecumenical_altar_drowned_temple
D:3:      minmay_chambers_of_twos, layout_basic, st_stairs_5,
          amcnicky_mini_pool_small
D:4:      layout_loops_ring, hangedman_decor_clover_reticule

Skill      XL: |  1  2  3  4 |
---------------+-------------+-----
Ranged Weapons | 3 4 |  4.6
Fighting       | 2 |  2.0
Armour         | 1 |  1.0
Dodging        | |  1.5
Spellcasting   | |  1.0
Hexes          | |  2.6

Action                     |  1- 3 |  4- 6 || total
---------------------------+-------+-------++-------
   Fire: Sling             |   167 |    99 ||   266
    Use: Scroll            |     6 |     1 ||     7
 Armour: Robe              |     5 |       ||     5
         Ring mail         |    48 |    31 ||    79
  Dodge: Dodged            |    83 |    29 ||   112
  Block: Other             |       |    14 ||    14
         Reflection        |       |     1 ||     1

Table legend:
 A = Non-vault XP
 B = Vault XP
 C = Vault XP percentage of total XP
 D = Non-vault monster count
 E = Vault monster count
 F = Vault count percentage of total count
                 A         B        C        D         E       F
            +---------+---------+-------+---------+---------+-------
      Total |     157 |      19 |  10.8 |      57 |      11 |  16.2
            +---------+---------+-------+---------+---------+-------
        D:1 |      35 |       0 |   0.0 |      20 |       0 |   0.0
        D:2 |      27 |       1 |   3.6 |      14 |       1 |   6.7
        D:3 |      48 |      18 |  27.3 |      20 |      10 |  33.3
        D:4 |      47 |       0 |   0.0 |       3 |       0 |   0.0
            +---------+---------+-------+---------+---------+-------
